 Dungeon Crawl Stone Soup version 0.32-a0-22-g6ae6769602 (webtiles) character file.

Game seed: 10615512540574982367

42 Ge0ff the Poker (level 3, 0/26 (29) HPs)
             Began as a Merfolk Reaver on Jan 18, 2024.
             Slain by Terence
             ... wielding a +2 mace of holy wrath
              (2 damage)
             ... on level 2 of the Dungeon.
             The game lasted 00:03:20 (1763 turns).

Ge0ff the Poker (Merfolk Reaver)                    Turns: 1763, Time: 00:03:21

HP:   0/26 (29)     AC: 10    Str: 14    XL:     3   Next: 54%
MP:   6/6           EV:  4    Int: 12    God:
Gold: 23            SH:  0    Dex: 12    Spells: 5/6 levels left

rFire   . . .        a - +0 spear
rCold   . . .        (no shield)
rNeg    . . .        n - +0 plate armour
rPois   +            (no helmet)
rElec   .            (no cloak)
rCorr   .            (no gloves)
SInv    .            (no boots)
Will    +....        (no amulet) Stlth
                     d - ring of poison resistance
HPRegen 0.24/turn    (no ring)
MPRegen 0.10/turn

%: no passive effects
@: enlightened, flying, heavily drained
A: (nimble swimmer 2), mertail
a: no special abilities


You were on level 2 of the Dungeon.
You visited 1 branch of the dungeon, and saw 2 of its levels.

You collected 47 gold pieces.
You spent 24 gold pieces at shops.

Inventory:

Hand Weapons
 a - a +0 spear (weapon)
Missiles
 g - 2 poisoned darts
 j - 19 stones (quivered)
Armour
 b - a +0 leather armour
 n - a +0 plate armour (worn)
Jewellery
 d - a ring of poison resistance (left hand)
Scrolls
 c - a scroll of enchant armour
 f - a scroll of revelation {unknown}
 l - 2 scrolls of noise
 m - a scroll of fear {unknown}
 B - 2 scrolls of blinking


   Skills:
 - Level 3.0 Fighting
 + Level 4.7 Polearms
 + Level 0.0 Armour
 - Level 2.6 Dodging
 - Level 2.0 Stealth
 - Level 2.0 Spellcasting
 - Level 2.4 Conjurations


You had 5 spell levels left.
You knew the following spells:

 Your Spells              Type           Power      Damage    Failure   Level
E - Kiss of Death         Conj/Necr      16%        2d6       100%        1

Your spell library contained the following spells:

 Spells                   Type           Power      Damage    Failure   Level
 Momentum Strike          Conj/Tloc      8%         3d8       100%        2
 Static Discharge         Conj/Air       8%         3-4/arc   100%        2
 Hailstorm                Conj/Ice       4%         3d5       100%        3
 Airstrike                Air            0%         2d(1-17)  100%        4
 Summon Lightning Spire   Summ/Air       1%         N/A       100%        4


Dungeon Overview and Level Annotations

Branches:
Dungeon (2/15) Zot: 10261

Altars:

Shops:
D:2 ?

Annotations:
D:2 Terence


Innate Abilities, Weirdness & Mutations

((You are very nimble when in or above water. (Stealth+, EV+, Speed+++)))
Your lower body shifts to a powerful aquatic tail in water.


Message History

You feel less confused.
Terence zaps a wand.
The puff of flame hits you but does no damage.
You closely miss Terence.
Terence is moderately wounded.
Terence hits you with a +2 mace of holy wrath.
You closely miss Terence.
Terence is moderately wounded.
Terence hits you with a +2 mace of holy wrath.
It was a potion of heal wounds.
You feel much better.
Terence zaps a wand.
The puff of flame hits you.
You barely miss Terence.
Terence is moderately wounded.
Terence hits you with a +2 mace of holy wrath.
You closely miss Terence.
Terence is moderately wounded.
You hit Terence.
Terence is moderately wounded.
Terence zaps a wand.
The puff of flame hits you!
You hit Terence.
Terence is severely wounded.
Terence hits you with a +2 mace of holy wrath.
* * * LOW HITPOINT WARNING * * *
It was a potion of enlightenment.
You feel very buoyant.
You fly up into the air.
Terence barely misses you.
Unknown command.
You closely miss Terence.
Terence is severely wounded.
Terence hits you with a +2 mace of holy wrath.
* * * LOW HITPOINT WARNING * * *
You hit Terence.
Terence is severely wounded.
Terence hits you but does no damage.
You hit Terence but do no damage.
Terence is severely wounded.
Terence hits you but does no damage.
You hit Terence but do no damage.
Terence is severely wounded.
You hit Terence.
Terence is almost dead.
Terence hits you with a +2 mace of holy wrath.
* * * LOW HITPOINT WARNING * * *
You hit Terence but do no damage.
Terence is almost dead.
Terence hits you with a +2 mace of holy wrath.
You die...
Terence says, "That felt goooood."

#.#
#.#
#.#
#.#
#.#
#.###
#...#
###.#
#@#
#@#
#.#
#.#
#.#
...
###


You could see Terence.

Vanquished Creatures
  An adder (D:2)
  2 ribbon worms
  4 endoplasms
  3 giant cockroaches
  2 goblins (D:2)
  3 jackals (D:1)
  A quokka (D:1)
  3 ball pythons
  2 bats (D:1)
  2 kobolds
  3 rats
26 creatures vanquished.

Notes
Turn   | Place    | Note
-------+----------+-------------------------------------------
     0 | D:1      | Ge0ff the Merfolk Reaver began the quest for the Orb.
     0 | D:1      | Reached XP level 1. HP: 16/16 MP: 3/3
   343 | D:1      | Reached skill level 1 in Stealth
   510 | D:1      | Reached XP level 2. HP: 15/22 MP: 5/5
  1431 | D:2      | Reached XP level 3. HP: 14/22 MP: 4/6
  1672 | D:2      | Found Huin Qun's Magic Scroll Boutique.
  1719 | D:2      | Bought a scroll of identify for 24 gold pieces
  1739 | D:2      | Noticed Terence
  1763 | D:2      | Slain by Terence

Illustrated notes

Levels and vault maps discovered:
D:1:      minmay_arrival_wavy_path, layout_basic, serial_bayou_ford_a
D:2:      cheibrodos_old_hovel, layout_loops_ring, serial_shops, shop,
          uniq_sigmund, uniq_crazy_yiuf_cottage, uniq_terence

Skill      XL: |  1  2  3 |
---------------+----------+-----
Stealth        | 2 |  2.0
Fighting       | 3 |  3.0
Polearms       | |  4.7
Dodging        | |  2.6
Spellcasting   | |  2.0
Conjurations   | |  2.4

Action                     || total
---------------------------++-------
  Melee: Spear             ||   127
         Punch             ||     1
   Cast: Kiss of Death     ||     2
    Use: Scroll            ||     3
         Potion            ||     3
   Stab: Sleeping          ||     2
 Armour: Leather armour    ||    38
         Plate armour      ||    26
  Dodge: Dodged            ||    51

Table legend: (Time is in decaauts)
 A = Elapsed time spent in this place.
 B = Non-inter-level travel time spent in this place.
 C = Inter-level travel time spent in this place.
 D = Time resting spent in this place.
 E = Time spent auto-exploring this place.
 F = Levels seen in this place.
 G = Mean time per level.
                   A        B        C        D        E       F      G
               +--------+--------+--------+--------+--------+-----+--------+
         Total |   1737 |   1655 |     82 |      0 |   1305 |   2 |  868.5 |
       Dungeon |   1737 |   1655 |     82 |      0 |   1305 |   2 |  868.5 |
               +--------+--------+--------+--------+--------+-----+--------+

Top non-repeatable levels by time:
     D:1: 1328 daAuts
     D:2: 409 daAuts
